 Dungeon Crawl Stone Soup version 0.28.0 (webtiles) character file.

Game seed: 11679727189374389378

494 zazu2006 the Magician (level 7, 0/56 HPs)
             Began as a Naga Hedge Wizard on Feb 17, 2022.
             Slain by a water moccasin (3 damage)
             ... on level 3 of the Dungeon.
             The game lasted 00:07:31 (3516 turns).

zazu2006 the Magician (Naga Hedge Wizard)           Turns: 3516, Time: 00:07:32

Health: 0/56       AC:  7    Str: 12    XL:     7   Next: 15%
Magic:  0/14       EV: 10    Int: 16    God:
Gold:   119        SH:  0    Dex: 15    Spells: 7/16 levels left

rFire   . . .      SeeInvis +   a - +0 dagger
rCold   . . .      Faith    .   (no shield)
rNeg    + . .      Spirit   .   b - +0 robe
rPois   +          Reflect  .   l - +1 helmet of Iluah {Dex+4}
rElec   .          Harm     .   q - +0 cloak
rCorr   .          Rampage  .   e - +0 pair of gloves
Will    .....                   (no barding)
Stlth   +++.......              k - amulet of the acrobat
HPRegen 0.18/turn               d - ring of positive energy
MPRegen 0.14/turn               (no ring)

@: brilliant, flying, hasted, quick
A: AC +2, large, see invisible, deformed body, poison resistance, slowness 2,
spit poison 1, naga tail 1
a: Spit Poison


You were on level 3 of the Dungeon.
You visited 1 branch of the dungeon, and saw 4 of its levels.

You collected 119 gold pieces.

Inventory:

Hand Weapons
 a - a +0 dagger (weapon)
Armour
 b - a +0 robe (worn)
 e - a +0 pair of gloves (worn)
 l - the +1 helmet of Iluah (worn) {Dex+4}
   (You took it off Robin on level 2 of the Dungeon)

   Dex:       It affects your dexterity (+4).
 q - a +0 cloak (worn)
Jewellery
 d - a ring of positive energy (left hand)
 i - a ring of fire
 k - an amulet of the acrobat (around neck)
Scrolls
 g - 3 scrolls of identify {unknown}
 j - a scroll of blinking {unknown}
 m - a scroll of holy word {unknown}
 o - a scroll of fear {unknown}
 p - 4 scrolls of teleportation {unknown}
Potions
 f - a potion of flight


   Skills:
 + Level 0.4 Fighting
 + Level 2.4 Dodging
 + Level 4.4 Stealth
 + Level 5.1 Spellcasting
 + Level 3.2 Conjurations
 + Level 1.1 Summonings
 + Level 1.0 Translocations
 + Level 0.2 Air Magic
 * Level 3.5 Poison Magic


You had 7 spell levels left.
You knew the following spells:

 Your Spells              Type           Power      Damage    Failure   Level
a - Magic Dart            Conj           84%        1d7       4%          1
b - Mephitic Cloud        Conj/Pois/Air  17%        N/A       17%         3
c - Conjure Flame         Conj/Fire      14%        6-21      22%         3
d - Blink                 Tloc           22%        N/A       16%         2

Your spell library contained the following spells:

 Spells                   Type           Power      Damage    Failure   Level
 Poisonous Vapours        Pois/Air       30%        N/A       11%         2
 Call Imp                 Summ           11%        N/A       14%         2
 Slow                     Hex            24%        N/A       16%         1
 Swiftness                Air            7%         N/A       38%         3
 Maxwell's Capacitive Co  Air            3%         ∞         100%        8


Dungeon Overview and Level Annotations

Branches:
Dungeon (4/15)
 Temple: D:4-7

Altars:
Wu Jian


Innate Abilities, Weirdness & Mutations

Your serpentine skin is tough. (AC +2)
You have supernaturally acute eyesight. (SInv)
Armour fits poorly on your strangely shaped body.
Your system is resistant to poisons. (rPois)
You cover ground very slowly.
You can spit poison.
You have a snake-like lower body.


Message History

The water moccasin is almost dead.
The water moccasin barely misses you. The water moccasin bites you!
* * * LOW HITPOINT WARNING * * *
Casting: Magic Dart (safe; 4% risk of failure)
Confirm with . or Enter, or press ? or * to list all spells.
Aiming: Magic Dart (safe; 4% risk of failure)
Press: ? - help, Shift-Dir - straight line, f/p - water moccasin
Aim: a water moccasin (almost dead, 100% to hit)
The magic dart hits the water moccasin.
The water moccasin is almost dead.
The water moccasin barely misses you.
Unknown command.
You miss the water moccasin.
The water moccasin is almost dead.
The water moccasin bites you.
* * * LOW HITPOINT WARNING * * *
The water moccasin closely misses you.
You barely miss the water moccasin.
The water moccasin is almost dead.
The water moccasin bites you.
* * * LOW HITPOINT WARNING * * *
It was a potion of flight.
You feel very buoyant.
You fly up into the air.
The water moccasin bites you but does no damage.
It was a potion of haste.
You feel yourself speed up. The water moccasin barely misses you.
The water moccasin bites you.
* * * LOW HITPOINT WARNING * * *
It was a potion of brilliance.
You feel clever all of a sudden. The water moccasin closely misses you.
Casting: Magic Dart (safe; 4% risk of failure)
Confirm with . or Enter, or press ? or * to list all spells.
Aiming: Magic Dart (safe; 4% risk of failure)
Press: ? - help, Shift-Dir - straight line, f/p - water moccasin
Aim: a water moccasin (almost dead, 100% to hit)
You feel a surge of power!
The magic dart hits the water moccasin.
The water moccasin is almost dead.
The water moccasin bites you.
You die...

#.##..##).####.### #.##..#
#.##.###..# #.#####.##..#
#.##.# #..# #..##.......#
#.##.# #..# ##.##.#.###.#
.....# #..# #.##.#.# #.#
###### #..# #.##.#.# #.#
#..#####.##.#.# #.#
####.........>...# #.#
#.........>S@..#####.#
#####....................#
.........#####.....#######
########.#####.....#
#.........### ###########


You could see a water moccasin.

Vanquished Creatures
  Sigmund (D:2)
  An ogre (D:4)
  An orc priest (D:3)
  Crazy Yiuf (D:3)
  An orc wizard (D:3)
  Robin (D:2)
  4 adders
  4 gnolls (D:3)
  A worm (D:2)
  3 dart slugs (D:2)
  2 orcs
  7 ball pythons
  5 endoplasms
  5 giant cockroaches
  11 goblins
  9 hobgoblins
  2 jackals (D:1)
  A quokka (D:1)
  6 bats
  3 frilled lizards
  5 rats
74 creatures vanquished.

Vanquished Creatures (others)
  3 plants (D:1)
3 creatures vanquished.

Grand Total: 77 creatures vanquished

Notes
Turn   | Place    | Note
-------+----------+-------------------------------------------
     0 | D:1      | zazu2006 the Naga Hedge Wizard began the quest for the Orb.
     0 | D:1      | Reached XP level 1. HP: 15/15 MP: 4/4
   186 | D:1      | Reached XP level 2. HP: 22/22 MP: 4/6
   837 | D:1      | Reached XP level 3. HP: 28/28 MP: 1/8
   853 | D:1      | Learned a level 3 spell: Mephitic Cloud
   857 | D:1      | Learned a level 3 spell: Conjure Flame
   860 | D:1      | Learned a level 2 spell: Blink
   921 | D:1      | Found a faded altar of an unknown god.
  1050 | D:2      | Noticed Robin
  1264 | D:2      | Reached skill level 4 in Spellcasting
  1386 | D:2      | Noticed Sigmund
  1409 | D:2      | Killed Sigmund
  1410 | D:2      | Reached XP level 4. HP: 28/36 MP: 2/10
  1410 | D:2      | Reached XP level 5. HP: 32/42 MP: 2/12
  1667 | D:2      | Reached XP level 6. HP: 49/49 MP: 10/13
  1704 | D:2      | Identified the +1 helmet of Iluah {Dex+4}
  1729 | D:2      | Killed Robin
  1918 | D:2      | Found an ornate altar of the Wu Jian Council.
  2711 | D:3      | Got Koho's Guide on Feathery Poison
  2899 | D:3      | Reached skill level 5 in Spellcasting
  3293 | D:3      | Found a runed translucent door.
  3294 | D:3      | Noticed Crazy Yiuf
  3305 | D:3      | Killed Crazy Yiuf
  3437 | D:4      | Reached XP level 7. HP: 44/56 MP: 7/14
  3516 | D:3      | Slain by a water moccasin

Illustrated notes

Levels and vault maps discovered:
D:1:      eino_arrival_tree_alley, layout_rooms,
          hellmonk_ecumenical_altar_pennies_from_heaven, minmay_tiny_reverse_x
D:2:      layout_basic, basic_altar, uniq_sigmund, uniq_robin
D:3:      layout_loops_ring, uniq_crazy_yiuf_cottage
D:4:      layout_loops_ring, nzn_random_ring, uniq_natasha

Skill      XL: |  1  2  3  4  5  6 |
---------------+-------------------+-----
Spellcasting   | 4 5 |  5.1
Dodging        | 2 |  2.4
Conjurations   | 2 3 |  3.2
Poison Magic   | 2 3 |  3.5
Stealth        | 4 |  4.4
Fighting       | |  0.4
Summonings     | |  1.1
Translocations | |  1.0
Air Magic      | |  0.2

Action                   |  1- 3 |  4- 6 |  7- 9 || total
-------------------------+-------+-------+-------++-------
Melee: Dagger            |    28 |    48 |    31 ||   107
       Punch             |       |     1 |       ||     1
 Cast: Magic Dart        |    63 |    74 |    18 ||   155
       Mephitic Cloud    |     1 |     8 |       ||     9
 Abil: Spit Poison       |    20 |    13 |     3 ||    36
  Use: Potion            |       |       |     3 ||     3
 Stab: Confused          |     1 |     5 |       ||     6
Armor: Robe              |    10 |    18 |    16 ||    44
Dodge: Dodged            |    26 |    30 |    25 ||    81
